 Dungeon Crawl Stone Soup version 0.29.0-4-gdea44cf6ec (webtiles) character file.

Game seed: 781430647165200845

11217 qw the Cleaver (level 11, -5/72 HPs)
             Began as a Gargoyle Berserker on Sept 8, 2022.
             Was a Priest of Trog.
             Slain by Harold
             ... wielding a +3 scimitar of electrocution
              (10 damage)
             ... on level 11 of the Dungeon.
             The game lasted 00:04:58 (14558 turns).

qw the Cleaver (Gargoyle Berserker)                Turns: 14558, Time: 00:04:59

Health: -5/72      AC: 29    Str: 26    XL:     11   Next: 74%
Magic:  0/11       EV: 10    Int:  7    God:    Trog [***...]
Gold:   760        SH:  0    Dex: 16    Spells: 10/10 levels left

rFire   . . .      SeeInvis .   Y - +2 war axe (chaos)
rCold   . . .      Faith    .   (no shield)
rNeg    + + .      Spirit   +   t - +8 chain mail of Polish {Dex+7 Stlth-}
rPois   inf        Reflect  .   s - +0 helmet
rElec   +          Harm     .   r - +0 cloak
rCorr   .          Rampage  .   (no gloves)
Will    .....                   (no boots)
Stlth   ..........              o - amulet of guardian spirit
HPRegen 0.22/turn               e - ring of positive energy
MPRegen 0.12/turn               (no ring)

@: about to teleport, marked, on berserk cooldown
A: sickness immunity, AC +8, negative energy resistance 1, electricity
resistance, torment resistance 1, petrification resistance
a: Renounce Religion, Berserk, Trog's Hand


You were on level 11 of the Dungeon.
You worshipped Trog.
Trog was most pleased with you.
You visited 1 branch of the dungeon, and saw 11 of its levels.
You also visited: Sewer.

You collected 760 gold pieces.


Innate Abilities, Weirdness & Mutations

You are immune to sickness and miasma.
Your stone body is resilient. (AC +8)
You are immune to poison.
You resist negative energy. (rN+)
You are resistant to electric shocks. (rElec)
You are resistant to unholy torment.
You are immune to petrification.


   Skills:
 - Level 10.1 Fighting
 - Level 13.0 Axes
 + Level 3.2 Throwing
 - Level 7.4 Armour
 - Level 3.1 Dodging


You had 10 spell levels left.
You didn't know any spells.
Your spell library was empty.

Inventory:

Hand Weapons
 h - a +2 flail of draining
 Y - a +2 war axe of chaos (weapon)
Missiles
 d - 2 boomerangs
 q - 3 javelins (quivered)
Armour
 m - a +2 buckler
 r - a +0 cloak (worn)
 s - a +0 helmet (worn)
 t - the +8 chain mail of Polish (worn) {Dex+7 Stlth-}
   (You found it on level 10 of the Dungeon)

   Dex:       It affects your dexterity (+7).
   Stlth:     It makes you less stealthy.
Jewellery
 e - a ring of positive energy (left hand)
 f - a ring of ice
 l - a ring of ice
 o - an amulet of guardian spirit (around neck)
Scrolls
 i - 2 scrolls of identify
Potions
 a - 2 potions of curing
 b - a potion of might
 j - a potion of mutation
 k - a potion of degeneration {unknown}
 n - a potion of haste
 p - a potion of experience {unknown}

Dungeon Overview and Level Annotations

Branches:
Dungeon (11/15)            Temple (0/1) D:5           Sewer (visited)
   Lair: D:8-11         Orc: D:9-12

Altars:
Ashenzari
Gozag
Hepliaklqana
Kikubaaqudgha
Okawaru
Qazlal
Ru
Sif Muna
Trog
Uskayaw
Xom

Shops:
D:1 (   D:10 :

Annotations:
D:4 1 runed translucent door, qw's ghost, amateur MiBe
D:11 Harold


Message History

Something hits you.
The vampire mosquito bites you but does no damage.
You slash the vampire mosquito!
The vampire mosquito seems to speed up.
The vampire mosquito is heavily damaged.
You barely miss something. Something hits you but does no damage.
The vampire mosquito closely misses you.
The vampire mosquito misses you.
You slash the vampire mosquito!
The vampire mosquito is almost destroyed.
The vampire mosquito bites you but does no damage. x2
Something hits you but does no damage.
You slash the vampire mosquito!
You destroy the vampire mosquito!
Trog accepts your kill.
You hit something.
Your surroundings suddenly seem different.
Harold closely misses you.
14556 ||| READING scroll of teleportation.
As you read the scroll of teleportation, it crumbles to dust.
You feel strangely unstable. Harold barely misses you.
The yak gores you but does no damage.
You slash Harold! You freeze Harold.
Harold is moderately wounded.
You slash the vampire mosquito!
The vampire mosquito convulses!
You slash the yak! You burn the yak.
The vampire mosquito bites you but does no damage.
Harold hits you with a +3 scimitar of electrocution.
The yak misses you.
The boulder beetle curls into a ball and begins rolling!
The vampire mosquito bites you but does no damage.
You slash the vampire mosquito!
You destroy the vampire mosquito!
Trog accepts your kill.
You slash the yak! You freeze the yak. You barely miss Harold.
Something hits you.
A vampire mosquito comes into view.
The yak gores you but does no damage.
Harold hits you with a +3 scimitar of electrocution!
You die...

...##...
#Y#......#
........
..0......##
....<.
.@0....#.##
.....
.....#.####
.$.# ##.####
#### @..# #.#.#
## ####.#.#
...# #....#.##
##.#$...# ..$#
#B.....##
##......# ...#
#.Y@...#
#......# ...#
#yY.@...##
##....# ...#
###.#....#
#....## ...#
#.##....#..%..#
...# #
#..###....#
...# #..#....##
...# ......##
...# ######
...###


You could see a boulder beetle (rolling), Harold, 2 yaks and a vampire mosquito.

Vanquished Creatures
  A two-headed ogre (D:10)
  A skeletal warrior (D:7)
  Pikel (D:4)
  2 trolls
  Grinder (D:4)
  3 polar bears (D:8)
  Sigmund (D:2)
  A wyvern (D:8)
  An unseen horror simulacrum (D:8)
  2 wraiths (D:9)
  13 yaks
  2 steam dragons
  2 vampire mosquitoes (D:11)
  Edmund (D:4)
  4 acid dragons
  2 water moccasins
  Duvessa (D:6)
  4 orc warriors
  3 ice beasts
  3 black bears
  2 ogres
  5 centaurs
  3 phantoms
  6 kobold brigands
  4 lemures (D:4)
  3 bullfrogs
  A scorpion (D:6)
  12 wights
  Dowan (D:6)
  3 killer bees (D:9)
  3 electric eels (D:8)
  A howler monkey (D:8)
  6 orc priests
  2 hounds
  5 jellies
  5 iguanas
  14 orc wizards
  12 gnolls
  10 adders
  3 white imps
  A howler monkey simulacrum (D:8)
  2 ufetubi
  4 worms
  A dart slug (D:5)
  25 orcs
  8 ball pythons
  12 bats
  8 endoplasms
  17 giant cockroaches
  7 hobgoblins
  5 quokkas
  5 frilled lizards
  8 goblins
  24 kobolds
  2 rats (D:1)
279 creatures vanquished.

Vanquished Creatures (others)
  A white imp (D:8)
  3 fungi (Sewer)
  25 plants
  2 withered plants (D:4)
31 creatures vanquished.

Grand Total: 310 creatures vanquished

Notes
Turn   | Place    | Note
-------+----------+-------------------------------------------
     0 | D:1      | qw the Gargoyle Berserker began the quest for the Orb.
     0 | D:1      | Reached XP level 1. HP: 14/14 MP: 1/1
     0 | D:1      | 0 ||| qw: Version: 0.1-a-111-g1c1fd2e
     0 | D:1      | 0 ||| qw: Game counter: 6583
     0 | D:1      | 0 ||| qw: Always use a shield: true
     0 | D:1      | 0 ||| qw: Do Orc after D:15 true
     0 | D:1      | 0 ||| qw: Do second Lair branch before Depths: true
     0 | D:1      | 0 ||| qw: Lair rune preference: random
     0 | D:1      | 0 ||| qw: Plans: Normal
     0 | D:1      | 0 ||| PLANNING D:1-11
     7 | D:1      | 7 ||| Stepping ~*~*~tactically~*~*~ (stealth).
     8 | D:1      | 8 ||| Stepping ~*~*~tactically~*~*~ (stealth).
    87 | D:1      | Reached skill level 3 in Axes
   254 | D:1      | Reached XP level 2. HP: 19/19 MP: 2/2
   674 | D:1      | 674 ||| Stepping ~*~*~tactically~*~*~ (stealth).
   677 | D:1      | 677 ||| Stepping ~*~*~tactically~*~*~ (stealth).
   681 | D:1      | 681 ||| Stepping ~*~*~tactically~*~*~ (stealth).
   682 | D:1      | 682 ||| Stepping ~*~*~tactically~*~*~ (stealth).
   683 | D:1      | 683 ||| Stepping ~*~*~tactically~*~*~ (stealth).
   699 | D:1      | Found Olopnup's Antique Weapon Emporium.
   714 | D:1      | 714 ||| SHOPLISTING whip (70 gold, have 35).
   757 | D:1      | Reached XP level 3. HP: 23/23 MP: 3/3
   948 | D:1      | 948 ||| UPGRADING to +0 ring mail.
   958 | D:1      | 958 ||| DROPPING +0 animal skin.
   959 | D:1      | 959 ||| READING 2 scrolls labelled CAFOHIPSAT.
   960 | D:1      | 960 ||| READING scroll labelled UNKITT CUTO.
   961 | D:1      | 961 ||| DROPPING scroll of immolation.
   998 | D:2      | You fall into a shaft and drop 1 floor!
  1027 | D:3      | 1027 ||| Stepping ~*~*~tactically~*~*~ (stealth).
  1064 | D:3      | Reached skill level 4 in Axes
  1293 | D:3      | 1293 ||| READING scroll labelled LIDAMN IXUUMO.
  1294 | D:3      | 1294 ||| READING 3 scrolls labelled JUODESEHOA.
  1295 | D:3      | 1295 ||| READING scroll labelled TEVIPH POFU.
  1296 | D:3      | 1296 ||| DROPPING 2 scrolls of poison.
  1317 | D:2      | Reached XP level 4. HP: 28/28 MP: 4/4
  1376 | D:2      | 1376 ||| INVOKING Berserk.
  1431 | D:2      | 1431 ||| Stepping ~*~*~tactically~*~*~ (stealth).
  1483 | D:2      | 1483 ||| Stepping ~*~*~tactically~*~*~ (stealth).
  1582 | D:2      | 1582 ||| INVOKING Berserk.
  1583 | D:2      | 1583 ||| INVOKING Berserk.
  1590 | D:2      | Reached skill level 1 in Throwing
  1681 | D:2      | 1681 ||| DROPPING +0 club.
  1803 | D:2      | Reached ** piety under Trog
  1824 | D:2      | Reached XP level 5. HP: 32/32 MP: 5/5
  2015 | D:2      | Noticed Sigmund
  2017 | D:2      | 2017 ||| INVOKING Berserk.
  2023 | D:2      | Killed Sigmund
  2024 | D:2      | Reached skill level 6 in Axes
  2024 | D:2      | Reached XP level 6. HP: 32/37 MP: 6/6
  2202 | D:2      | 2202 ||| READING scroll labelled OMOLUP GA AGIA.
  2475 | D:3      | 2475 ||| INVOKING Berserk.
  2617 | D:3      | 2617 ||| DROPPING +0 whip.
  2710 | D:3      | Found a hide-covered altar of Uskayaw.
  2710 | D:3      | Noticed a +0 dagger
  2711 | D:3      | Noticed a +0 dagger
  3023 | D:3      | 3023 ||| DROPPING +6 ring of intelligence.
  3024 | D:3      | 3024 ||| READING 2 scrolls labelled TOMU RAMOSU.
  3025 | D:3      | 3025 ||| READING scroll labelled FEGOC TOITIO.
  3026 | D:3      | 3026 ||| DRINKING 3 silvery potions.
  3027 | D:3      | 3027 ||| DROPPING 2 potions of attraction.
  3066 | D:4      | 3066 ||| Stepping ~*~*~tactically~*~*~ (stealth).
  3067 | D:4      | Noticed Grinder
  3068 | D:4      | 3068 ||| Stepping ~*~*~tactically~*~*~ (stealth).
  3069 | D:4      | 3069 ||| Stepping ~*~*~tactically~*~*~ (stealth).
  3070 | D:4      | 3070 ||| Stepping ~*~*~tactically~*~*~ (stealth).
  3075 | D:4      | 3075 ||| INVOKING Trog's Hand.
  3076 | D:4      | 3076 ||| INVOKING Berserk.
  3088 | D:4      | 3088 ||| STAIRDANCE
  3192 | D:4      | 3192 ||| INVOKING Trog's Hand.
  3194 | D:4      | 3194 ||| INVOKING Berserk.
  3203 | D:4      | Paralysed by Grinder for 3 turns
  3208 | D:4      | 3208 ||| INVOKING Trog's Hand.
  3210 | D:4      | Killed Grinder
  3211 | D:4      | Reached skill level 7 in Axes
  3211 | D:4      | Reached XP level 7. HP: 34/43 MP: 7/7
  3331 | D:4      | 3331 ||| Stepping ~*~*~tactically~*~*~ (hiding).
  3342 | D:4      | 3342 ||| INVOKING Berserk.
  3532 | D:4      | Found an iron altar of Okawaru.
  3668 | D:4      | Found a runed translucent door.
  3887 | D:4      | 3887 ||| INVOKING Berserk.
  3888 | D:4      | 3888 ||| INVOKING Berserk.
  4139 | D:4      | Noticed qw's ghost (amateur MiBe)
  4218 | D:4      | Noticed Edmund
  4223 | D:4      | 4223 ||| INVOKING Berserk.
  4229 | D:4      | Killed Edmund
  4230 | D:4      | Reached XP level 8. HP: 49/49 MP: 8/8
  4336 | D:4      | 4336 ||| DROPPING +0 flail.
  4375 | D:4      | 4375 ||| Stepping ~*~*~tactically~*~*~ (stealth).
  4404 | D:4      | Noticed Pikel
  4405 | D:4      | 4405 ||| Stepping ~*~*~tactically~*~*~ (stealth).
  4414 | D:4      | 4414 ||| INVOKING Berserk.
  4578 | D:4      | 4578 ||| Stepping ~*~*~tactically~*~*~ (stealth).
  4584 | D:4      | 4584 ||| INVOKING Berserk.
  4594 | D:4      | Killed Pikel
  4595 | D:4      | Reached skill level 9 in Axes
  4964 | D:4      | 4964 ||| UPGRADING to +0 scale mail.
  4974 | D:4      | 4974 ||| DROPPING +0 ring mail.
  4975 | D:4      | 4975 ||| UPGRADING to +2 ring mail of fire resistance.
  4985 | D:4      | 4985 ||| DROPPING +0 scale mail.
  4986 | D:4      | 4986 ||| DRINKING 2 fizzy white potions.
  5013 | D:4      | 5013 ||| DROPPING potion of lignification.
  5014 | D:4      | 5014 ||| DROPPING potion of berserk rage.
  5033 | D:5      | Entered Level 5 of the Dungeon
  5328 | D:5      | Found a staircase to the Ecumenical Temple.
  5442 | D:5      | 5442 ||| INVOKING Berserk.
  5445 | D:5      | Reached skill level 6 in Fighting
  5624 | D:5      | Found a hazy altar of Hepliaklqana.
  5646 | D:5      | Identified the +0 robe of Sin {rC- Will++}
  5793 | D:5      | 5793 ||| INVOKING Berserk.
  5808 | D:5      | Reached XP level 9. HP: 56/56 MP: 9/9
  5922 | D:5      | 5922 ||| INVOKING Berserk.
  5929 | D:5      | HP: 21/85 [wight/+2 trident (10)]
  6406 | D:5      | Found a sacrificial altar of Ru.
  6578 | D:5      | 6578 ||| UPGRADING to ring of positive energy.
  6579 | D:5      | 6579 ||| READING 3 scrolls labelled NITEMUSIETS.
  6580 | D:5      | 6580 ||| READING scroll labelled CEF HIXZOUQOGIECY.
  6581 | D:5      | 6581 ||| READING scroll labelled GUTWEA KOCISM.
  6682 | D:5      | 6682 ||| DRINKING 2 coppery potions.
  6683 | D:5      | 6683 ||| READING 2 scrolls of identify.
  6683 | D:5      | 6683 ||| IDENTIFYING emerald potion
  6684 | D:5      | 6684 ||| DROPPING 2 scrolls of summoning.
  6742 | D:6      | 6742 ||| PLANNING SEWER
  6910 | D:6      | Found a glowing drain.
  6911 | D:6      | 6911 ||| READING 2 scrolls of identify.
  6911 | D:6      | 6911 ||| IDENTIFYING orange potion
  6912 | D:6      | 6912 ||| DROPPING potion of brilliance.
  6926 | D:6      | 6926 ||| Stepping ~*~*~tactically~*~*~ (water).
  6928 | D:6      | 6928 ||| Stepping ~*~*~tactically~*~*~ (water).
  6938 | Sewer    | Entered a sewer
  7045 | Sewer    | Reached skill level 10 in Axes
  7362 | Sewer    | 7362 ||| READING scroll labelled VIDGHU POANE.
  7363 | Sewer    | 7363 ||| DRINKING 2 murky dark potions.
  7364 | Sewer    | 7364 ||| DRINKING 3 sedimented green potions.
  7365 | Sewer    | 7365 ||| DRINKING 2 fizzy golden potions.
  7366 | Sewer    | 7366 ||| DROPPING potion of magic.
  7381 | D:6      | 7381 ||| PLANNING D:1-11
  7481 | D:6      | 7481 ||| INVOKING Berserk.
  7570 | D:6      | 7570 ||| INVOKING Berserk.
  7719 | D:6      | 7719 ||| Stepping ~*~*~tactically~*~*~ (hiding).
  7720 | D:6      | 7720 ||| Stepping ~*~*~tactically~*~*~ (hiding).
  7721 | D:6      | 7721 ||| Stepping ~*~*~tactically~*~*~ (hiding).
  8003 | D:6      | Noticed Duvessa
  8003 | D:6      | Noticed Dowan
  8009 | D:6      | 8009 ||| INVOKING Berserk.
  8013 | D:6      | Killed Duvessa
  8018 | D:6      | Killed Dowan
  8196 | D:6      | 8196 ||| Stepping ~*~*~tactically~*~*~ (hiding).
  8469 | D:6      | 8469 ||| Stepping ~*~*~tactically~*~*~ (hiding).
  8607 | D:7      | 8607 ||| Stepping ~*~*~tactically~*~*~ (stealth).
  8616 | D:7      | 8616 ||| INVOKING Berserk.
  8620 | D:7      | Reached skill level 11 in Axes
  8624 | D:7      | Reached XP level 10. HP: 43/65 MP: 10/10
  8628 | D:7      | Reached skill level 9 in Fighting
  8631 | D:7      | Reached skill level 3 in Armour
  8813 | D:7      | 8813 ||| Stepping ~*~*~tactically~*~*~ (stealth).
  8815 | D:7      | 8815 ||| INVOKING Berserk.
  9043 | D:7      | 9043 ||| DRINKING potion of curing.
  9043 | D:7      | 9043 ||| (to cure confusion)
  9057 | D:7      | Reached *** piety under Trog
  9370 | D:7      | 9370 ||| Stepping ~*~*~tactically~*~*~ (hiding).
  9371 | D:7      | 9371 ||| SWAPPING to +0 war axe.
  9386 | D:7      | 9386 ||| INVOKING Berserk.
  9525 | D:7      | 9525 ||| DROPPING +0 hand axe.
  9632 | D:7      | 9632 ||| Stepping ~*~*~tactically~*~*~ (stealth).
  9676 | D:7      | 9676 ||| Stepping ~*~*~tactically~*~*~ (stealth).
  9698 | D:7      | Noticed a skeletal warrior
  9699 | D:7      | 9699 ||| Stepping ~*~*~tactically~*~*~ (stealth).
  9702 | D:7      | 9702 ||| INVOKING Berserk.
  9756 | D:7      | 9756 ||| Stepping ~*~*~tactically~*~*~ (stealth).
  9757 | D:7      | 9757 ||| Stepping ~*~*~tactically~*~*~ (stealth).
 10044 | D:7      | 10044 ||| DROPPING +2 scale mail of positive energy.
 10045 | D:7      | 10045 ||| UPGRADING to +0 chain mail.
 10055 | D:7      | 10055 ||| READING scroll labelled RENGIFU QIKOTT.
 10056 | D:7      | 10056 ||| INVOKING Berserk.
 10072 | D:7      | 10072 ||| FLEEEEING.
 10073 | D:7      | 10073 ||| FLEEEEING.
 10183 | D:7      | 10183 ||| DRINKING 2 fizzy silvery potions.
 10184 | D:7      | 10184 ||| DROPPING potion of flight.
 10259 | D:8      | Found a bloodstained altar of Trog.
 10314 | D:8      | 10314 ||| Stepping ~*~*~tactically~*~*~ (stealth).
 10345 | D:8      | 10345 ||| Stepping ~*~*~tactically~*~*~ (hiding).
 10365 | D:8      | 10365 ||| INVOKING Berserk.
 10563 | D:8      | 10563 ||| Stepping ~*~*~tactically~*~*~ (hiding).
 10565 | D:8      | 10565 ||| INVOKING Berserk.
 10578 | D:8      | 10578 ||| Stepping ~*~*~tactically~*~*~ (stealth).
 10581 | D:8      | 10581 ||| FLEEEEING.
 10590 | D:8      | 10590 ||| STAIRDANCE
 10815 | D:8      | 10815 ||| Stepping ~*~*~tactically~*~*~ (stealth).
 10826 | D:8      | 10826 ||| INVOKING Berserk.
 10894 | D:8      | 10894 ||| INVOKING Berserk.
 11030 | D:8      | 11030 ||| INVOKING Berserk.
 11038 | D:8      | 11038 ||| Stepping ~*~*~tactically~*~*~ (water).
 11045 | D:8      | HP: 15/66 [polar bear (13)]
 11046 | D:8      | 11046 ||| READING 5 scrolls of teleportation.
 11046 | D:8      | HP: 5/66 [polar bear (7)]
 11047 | D:8      | 11047 ||| DRINKING 2 potions of heal wounds.
 11120 | D:8      | 11120 ||| FLEEEEING.
 11121 | D:8      | 11121 ||| FLEEEEING.
 11122 | D:8      | 11122 ||| FLEEEEING.
 11123 | D:8      | 11123 ||| STAIRDANCE
 11266 | D:8      | Reached skill level 12 in Axes
 11276 | D:8      | 11276 ||| FLEEEEING.
 11277 | D:8      | 11277 ||| FLEEEEING.
 11278 | D:8      | 11278 ||| FLEEEEING.
 11279 | D:8      | 11279 ||| INVOKING Berserk.
 11290 | D:8      | 11290 ||| Stepping ~*~*~tactically~*~*~ (stealth).
 11291 | D:8      | 11291 ||| Stepping ~*~*~tactically~*~*~ (stealth).
 11310 | D:8      | 11310 ||| Stepping ~*~*~tactically~*~*~ (stealth).
 11315 | D:8      | 11315 ||| FLEEEEING.
 11316 | D:8      | 11316 ||| FLEEEEING.
 11381 | D:8      | 11381 ||| FLEEEEING.
 11382 | D:8      | 11382 ||| STAIRDANCE
 11426 | D:8      | 11426 ||| INVOKING Berserk.
 11431 | D:8      | Reached skill level 6 in Armour
 11431 | D:8      | 11431 ||| STAIRDANCE
 11472 | D:8      | Found a stormy altar of Qazlal.
 11472 | D:8      | Found an ancient bone altar of Kikubaaqudgha.
 11492 | D:8      | 11492 ||| INVOKING Berserk.
 11618 | D:8      | 11618 ||| Stepping ~*~*~tactically~*~*~ (hiding).
 11628 | D:8      | 11628 ||| INVOKING Berserk.
 11944 | D:8      | 11944 ||| UPGRADING to amulet of guardian spirit.
 11949 | D:8      | 11949 ||| READING 2 scrolls of identify.
 11949 | D:8      | 11949 ||| IDENTIFYING fizzy yellow potion
 11950 | D:8      | 11950 ||| DROPPING potion of invisibility.
 12010 | D:7      | 12010 ||| INVOKING Berserk.
 12013 | D:7      | Reached XP level 11. HP: 72/72 MP: 8/11
 12018 | D:7      | Killed a skeletal warrior
 12114 | D:7      | 12114 ||| READING scroll labelled PUN APTUOG.
 12381 | D:9      | Found an opulent altar of Gozag.
 12856 | D:9      | 12856 ||| INVOKING Berserk.
 12865 | D:9      | 12865 ||| Stepping ~*~*~tactically~*~*~ (cloud).
 13041 | D:9      | Reached skill level 13 in Axes
 13319 | D:9      | Found a shimmering blue altar of Sif Muna.
 13320 | D:9      | 13320 ||| UPGRADING to +0 cloak.
 13325 | D:9      | 13325 ||| READING 2 scrolls of identify.
 13325 | D:9      | 13325 ||| IDENTIFYING murky grey potion
 13361 | D:10     | Entered Level 10 of the Dungeon
 13385 | D:10     | Noticed a two-headed ogre
 13388 | D:10     | 13388 ||| INVOKING Berserk.
 13392 | D:10     | Killed a two-headed ogre
 13481 | D:10     | Identified the +8 chain mail of Polish {Dex+7 Stlth-}
 13492 | D:10     | 13492 ||| INVOKING Berserk.
 13623 | D:10     | Found Omusug's Book Shop.
 13634 | D:10     | 13634 ||| FLEEEEING.
 13635 | D:10     | 13635 ||| FLEEEEING.
 13636 | D:10     | 13636 ||| FLEEEEING.
 13637 | D:10     | 13637 ||| FLEEEEING.
 13638 | D:10     | 13638 ||| FLEEEEING.
 13639 | D:10     | 13639 ||| FLEEEEING.
 13640 | D:10     | 13640 ||| FLEEEEING.
 13641 | D:10     | 13641 ||| FLEEEEING.
 13642 | D:10     | 13642 ||| FLEEEEING.
 13643 | D:10     | 13643 ||| STAIRDANCE
 13745 | D:9      | 13745 ||| DROPPING +2 ring mail of fire resistance.
 13746 | D:9      | 13746 ||| UPGRADING to +0 helmet.
 13751 | D:9      | 13751 ||| UPGRADING to +8 chain mail of Polish {Dex+7
                  | Stlth-}.
 13761 | D:9      | 13761 ||| DROPPING +0 chain mail.
 13766 | D:10     | 13766 ||| INVOKING Berserk.
 13783 | D:10     | 13783 ||| FLEEEEING.
 13784 | D:10     | 13784 ||| FLEEEEING.
 13785 | D:10     | 13785 ||| FLEEEEING.
 13786 | D:10     | 13786 ||| STAIRDANCE
 13890 | D:10     | 13890 ||| STAIRDANCE
 13960 | D:10     | 13960 ||| STAIRDANCE
 13967 | D:10     | 13967 ||| Stepping ~*~*~tactically~*~*~ (hiding).
 13968 | D:10     | 13968 ||| Stepping ~*~*~tactically~*~*~ (hiding).
 13970 | D:10     | 13970 ||| Stepping ~*~*~tactically~*~*~ (hiding).
 13994 | D:10     | Reached skill level 3 in Dodging
 14051 | D:10     | Found a shimmering altar of Xom.
 14051 | D:10     | Found a broken altar of Ashenzari.
 14076 | D:10     | 14076 ||| Stepping ~*~*~tactically~*~*~ (stealth).
 14080 | D:10     | 14080 ||| Stepping ~*~*~tactically~*~*~ (stealth).
 14082 | D:10     | 14082 ||| Stepping ~*~*~tactically~*~*~ (stealth).
 14122 | D:10     | 14122 ||| Stepping ~*~*~tactically~*~*~ (stealth).
 14128 | D:10     | 14128 ||| Stepping ~*~*~tactically~*~*~ (stealth).
 14130 | D:10     | 14130 ||| Stepping ~*~*~tactically~*~*~ (hiding).
 14141 | D:10     | 14141 ||| Stepping ~*~*~tactically~*~*~ (stealth).
 14143 | D:10     | 14143 ||| Stepping ~*~*~tactically~*~*~ (hiding).
 14147 | D:10     | 14147 ||| INVOKING Berserk.
 14260 | D:10     | 14260 ||| READING scroll of enchant weapon.
 14260 | D:10     | 14260 ||| ENCHANTING +1 war axe of chaos.
 14487 | D:11     | Noticed a boulder beetle
 14492 | D:11     | 14492 ||| INVOKING Berserk.
 14497 | D:11     | Noticed Harold
 14507 | D:11     | HP: 10/72 [Harold/+3 scimitar of electrocution (17)]
 14508 | D:11     | Reached skill level 3 in Throwing
 14508 | D:11     | 14508 ||| READING 5 scrolls of teleportation.
 14509 | D:11     | 14509 ||| DRINKING 3 potions of heal wounds.
 14510 | D:11     | 14510 ||| DRINKING 2 potions of heal wounds.
 14518 | D:11     | HP: 18/72 [something (2)]
 14519 | D:11     | 14519 ||| READING 4 scrolls of teleportation.
 14520 | D:11     | 14520 ||| DRINKING potion of heal wounds.
 14535 | D:11     | HP: 18/72 [something (1)]
 14538 | D:11     | 14538 ||| READING 3 scrolls of teleportation.
 14538 | D:11     | HP: 5/72 [something (6)]
 14552 | D:11     | 14552 ||| READING 2 scrolls of teleportation.
 14552 | D:11     | HP: 6/72 [something (2)]
 14556 | D:11     | 14556 ||| READING scroll of teleportation.
 14557 | D:11     | HP: 6/72 [Harold/+3 scimitar of electrocution (1)]
 14558 | D:11     | Slain by Harold

Levels and vault maps discovered:
D:1:      dpeg_arrival_simpleton_a, layout_basic, serial_shops,
          nicolae_shop_hallway_stairs
D:2:      layout_basic, uniq_sigmund
D:3:      minmay_roachtagon, layout_basic, dancing_weapons_uskayaw,
          minmay_quantized
D:4:      layout_basic, okawaru_trees_1, gammafunk_ghost_grave, uniq_grinder,
          uniq_pikel, uniq_edmund
D:5:      layout_layer_cave, nicolae_ru_the_path_less_chosen,
          worldfamousw_hep_ancestral_shrine, minmay_temple_entry_wispy
D:6:      layout_basic, cheibrodos_sewer_entry_bend, minmay_strange_pillars,
          hangedman_decor_opposing, minivault_5, st_stairs_4, uniq_duvessa
D:7:      layout_rooms, nzn_random_ring
D:8:      layout_cave_pools, mainiacjoe_overflow_catwalk,
          gammafunk_temple_overflow_pools, serial_ice, serial_ice_e,
          serial_ice_f, serial_ice_m, serial_ice_i
D:9:      layout_long_grid, lemuel_blue_sif_altar, mainiacjoe_overflow_alcove_1
D:10:     layout_gridville, gammafunk_temple_overflow_elements, serial_shops,
          nicolae_shop_advertising_works [nicolae_subvault_shop_adworks]
D:11:     layout_cross, david_lair_shrubbed, nicolae_figureground_sparkle,
          uniq_harold

Skill      XL: |  1  2  3  4  5  6  7  8  9 10 11 |
---------------+----------------------------------+-----
Axes           | 3 4 6 7 9 11 12 13 | 13.0
Throwing       | 1 3 |  3.2
Fighting       | 4 5 6 8 9 10 | 10.1
Dodging        | 2 3 |  3.1
Armour         | 6 7 |  7.4

Action                   |  1- 3 |  4- 6 |  7- 9 | 10-12 || total
-------------------------+-------+-------+-------+-------++-------
Melee: Hand axe          |   115 |   117 |   438 |    70 ||   740
       Punch             |       |     1 |     8 |     6 ||    15
       Unarmed           |       |       |     7 |       ||     7
       War axe           |       |       |       |   298 ||   298
Throw: Javelin           |     1 |    15 |     5 |     3 ||    24
       Boomerang         |       |       |     9 |    61 ||    70
Invok: Berserk           |       |     6 |    12 |    20 ||    38
       Trog's Hand       |       |     3 |       |       ||     3
  Use: Scroll            |     5 |     3 |     6 |    11 ||    25
       Potion            |       |     1 |     5 |     6 ||    12
Armor: Animal skin       |    17 |       |       |       ||    17
       Ring mail         |    29 |    36 |   157 |    55 ||   277
       Skin              |       |       |     1 |       ||     1
       Chain mail        |       |       |       |   225 ||   225
Dodge: Dodged            |    63 |    58 |   171 |   212 ||   504

Table legend:
 A = Non-vault XP
 B = Vault XP
 C = Vault XP percentage of total XP
 D = Non-vault monster count
 E = Vault monster count
 F = Vault count percentage of total count
                 A         B        C        D         E       F
            +---------+---------+-------+---------+---------+-------
      Total |   11147 |    5062 |  31.2 |     205 |      70 |  25.5
            +---------+---------+-------+---------+---------+-------
        D:1 |      39 |       0 |   0.0 |      24 |       0 |   0.0
        D:2 |      95 |     223 |  70.1 |      24 |       1 |   4.0
        D:3 |      82 |      41 |  33.3 |      12 |      15 |  55.6
        D:4 |     432 |    1037 |  70.6 |      17 |       3 |  15.0
        D:5 |    1006 |       0 |   0.0 |      17 |       0 |   0.0
        D:6 |     785 |     365 |  31.7 |      19 |       6 |  24.0
        D:7 |    1770 |    2099 |  54.3 |      19 |      19 |  50.0
        D:8 |    1214 |    1066 |  46.8 |      19 |       5 |  20.8
        D:9 |    2138 |       0 |   0.0 |      23 |       0 |   0.0
       D:10 |    2833 |       0 |   0.0 |      19 |       0 |   0.0
       D:11 |     753 |       0 |   0.0 |      12 |       0 |   0.0
      Sewer |       0 |     231 | 100.0 |       0 |      21 | 100.0
            +---------+---------+-------+---------+---------+-------
